 Dungeon Crawl Stone Soup version 0.30-a0-778-g2ef04afb54 (webtiles) character file.

Game seed: 5428541512594076590

24502 AndrolTheGreedy the Merchant of Misery (level 13, 0/102 HPs)
             Began as a Hill Orc Necromancer on Feb 16, 2023.
             Was a Believer of Kikubaaqudgha.
             Slain by a hornet (6 damage)
             ... on level 5 of the Lair of Beasts.
             The game lasted 01:35:09 (20771 turns).

AndrolTheGreedy the Merchant of Misery (HONe)      Turns: 20771, Time: 01:35:10

Health: 0/102      AC:  8    Str: 16    XL:     13   Next: 13%
Magic:  22/22      EV: 16    Int: 15    God:    Kikubaaqudgha [**....]
Gold:   828        SH:  0    Dex: 11    Spells: 8/24 levels left

rFire   . . .      SeeInvis .    o - +4 dire flail (chaos)
rCold   . . .      Faith    .    (shield currently unavailable)
rNeg    . . .      Spirit   .    O - +1 troll leather armour
rPois   .          Reflect  .    w - +0 helmet
rElec   .          Harm     .    (no cloak)
rCorr   .          Rampage  .    (no gloves)
Will    .....                    h - +0 pair of boots
Stlth   ++                       (no amulet)
HPRegen 1.17/turn                D - ring of wizardry
MPRegen 0.18/turn                u - +5 ring of evasion

@: hasted and slowed
A: no striking features
a: Renounce Religion, Unearth Wretches


You were on level 5 of the Lair of Beasts.
You worshipped Kikubaaqudgha.
Kikubaaqudgha was pleased with you.
You visited 3 branches of the dungeon, and saw 18 of its levels.
You also visited: Ice Cave.

You collected 1062 gold pieces.
You spent 234 gold pieces at shops.

Inventory:

Hand Weapons
 o - a +4 dire flail of chaos (weapon)
 r - a +0 whip of flaming
 y - a +0 mace
 T - the +3 rapier "Kinoega" {protect, Str+3}
   (You found it on level 10 of the Dungeon)

   Str:       It affects your strength (+3).
Missiles
 e - 161 stones
 n - 10 boomerangs
 M - 7 javelins
 S - a throwing net
Armour
 h - a +0 pair of boots (worn)
 w - a +0 helmet (worn)
 I - a +0 scale mail of cold resistance
 L - +1 acid dragon scales
 O - a +1 troll leather armour (worn)
Magical Staves
 i - a staff of conjuration
 C - a staff of death
Jewellery
 b - a +6 ring of dexterity
 s - a ring of resist corrosion
 u - a +5 ring of evasion (right hand)
 x - a ring of protection from fire
 A - a ring of poison resistance
 D - a ring of wizardry (left hand)
 K - a ring of protection from cold
Wands
 f - a wand of iceblast (17)
 t - a wand of light (3)
 v - a wand of flame (6)
 G - a wand of charming (16)
 Q - a wand of polymorph (1)
Scrolls
 a - 3 scrolls of identify
 d - 5 scrolls of vulnerability
 k - 5 scrolls of teleportation
 l - 2 scrolls of poison
 p - 2 scrolls of fog
 z - 3 scrolls of amnesia
 B - 2 scrolls of noise
 P - a scroll of silence
Potions
 m - 3 potions of curing
 q - 3 potions of attraction
 E - 2 potions of brilliance
 H - 3 potions of flight
 J - 2 potions of ambrosia
 N - 2 potions of degeneration
 R - 2 potions of magic
Miscellaneous
 j - a box of beasts


   Skills:
 - Level 6.0 Fighting
 * Level 10.5(10.7) Maces & Flails
 - Level 2.1(6.0) Staves
 - Level 6.0 Armour
 - Level 1.5 Dodging
 - Level 4.0 Stealth
 - Level 6.4 Spellcasting
 + Level 15.4 Necromancy
 - Level 4.0 Evocations


You had 8 spell levels left.
You knew the following spells:

 Your Spells              Type           Power      Damage    Failure   Level
a - Necrotise             Necr           100%       1d9       1%          1
b - Vampiric Draining     Necr           50%        2d9       1%          3
c - Animate Dead          Necr           50%        N/A       1%          4
d - Agony                 Necr           50%        N/A       1%          5
e - Cigotuvi's Dreadful   Necr/Pois/Air  40%        N/A       1%          2
f - Kiss of Death         Conj/Necr      100%       2d13      1%          1

Your spell library contained the following spells:

 Spells                   Type           Power      Damage    Failure   Level
 Anguish                  Hex/Necr       13%        N/A       2%          4
 Magic Dart               Conj           16%        1d3       7%          1
 Ensorcelled Hibernation  Hex/Ice        8%         N/A       11%         2
 Lesser Beckoning         Tloc           8%         N/A       11%         2
 Searing Ray              Conj           8%         2d4       11%         2
 Gell's Gravitas          Tloc           4%         N/A       21%         3
 Spider Form              Tmut/Pois      4%         N/A       21%         3
 Teleport Other           Tloc           4%         N/A       21%         3
 Fulminant Prism          Conj/Hex       2%         3d5       52%         4


Dungeon Overview and Level Annotations

Branches:
Dungeon (12/15)            Temple (1/1) D:4            Lair (5/5) D:8
  Swamp (0/4) Lair:2       Spider (0/4) Lair:3        IceCv (visited)
  Slime: Lair:4-5       Orc: D:9-12

Altars:
Ashenzari
Cheibriados
Dithmenos
Elyvilon
Fedhas
Gozag
Hepliaklqana
Kikubaaqudgha
Makhleb
Nemelex Xobeh
Okawaru
Qazlal
Ru
Sif Muna
Trog
Uskayaw
Vehumet
Wu Jian
Xom
Yredelemnul
Zin
The Shining One

Shops:
D:6 !

Annotations:
D:8 exclusion: oklob plant
D:12 Azrael


Message History

* * * LOW HITPOINT WARNING * * *
You are more poisoned.
You feel yourself slow down. The water moccasin closely misses you.
The wolf closely misses you. The water moccasin closely misses you.
The hornet misses you. The water moccasin misses you. The wolf misses you.
The water moccasin bites you.
* * * LOW HITPOINT WARNING * * *
You feel much better.
You feel very sick.
The hornet stings you but does no damage.
The wolf bites you.
The water moccasin closely misses you. x2
The hornet stings you!
* * * LOW HITPOINT WARNING * * *
You are more poisoned.
You feel as though you will be slow longer.
The wolf misses you. The water moccasin closely misses you.
The water moccasin attacks as you move away!
The water moccasin barely misses you.
You feel very sick. The hornet stings you!
* * * LOW HITPOINT WARNING * * *
You are lethally poisoned!
You feel as though you will be slow longer.
* * * LOW HITPOINT WARNING * * *
You feel extremely sick. The water moccasin misses you.
The hornet completely misses you.
You feel better. The water moccasin misses you.
The hornet stings you but does no damage.
The water moccasin attacks as you move away!
The water moccasin misses you. The water moccasin bites you.
* * * LOW HITPOINT WARNING * * *
The hornet stings you but does no damage.
The hornet attacks as you move away! The hornet stings you!
* * * LOW HITPOINT WARNING * * *
You feel as though you will be slow longer.
There is a stone staircase leading up, spattered with blood here.
The hornet misses you. The water moccasin barely misses you.
The wolf misses you. The hornet stings you.
You die...
Kikubaaqudgha rasps: "You have failed me!
Welcome... death!"

............
....................
...................## .
.....#.P##... #..... .#
....#.###..# #...###.##P
...lZ#.##P.####....#.....
......#.....##P...P.....
......+....h.#hh........
..........llFhSy@...# ..#
...........h#.#S...## ## ..#
....#..#.##.##.....###.#####.#
....#####.h####....#..##..#P.#
....###...h#.................#
.................รท...........##
..............................#
.............................#
....##..P.###.......#.##..#..##


You could see a cane toad, a hornet, 2 water moccasins, 2 wyverns and 5 wolves.

Vanquished Creatures
  A catoblepas (Lair:5)
  A tengu warrior (D:10)
  A cyclops (D:11)
  A manticore (D:8)
  2 black mambas
  3 elephants
  5 cane toads
  A rime drake (Lair:2)
  2 kobold demonologists
  A komodo dragon (Lair:1)
  The ghost of Shinnjin the Shield-Bearer, an amateur TrFi of Wu Jian (D:5)
  Grinder (D:5)
  3 polar bears
  3 hornets
  11 blink frogs
  A spriggan (D:10)
  3 wyverns
  17 yaks
  A steam dragon (D:9)
  4 wraiths
  A basilisk (Lair:1)
  Edmund (D:5)
  2 acid dragons
  13 water moccasins
  A hell hound (D:11)
  6 black bears
  2 orc warriors
  5 ice beasts
  3 sky beasts
  8 centaurs
  4 wolves
  7 kobold brigands
  2 phantoms
  Blork the orc (D:5)
  5 bullfrogs
  3 scorpions
  8 wights
  11 killer bees
  2 howler monkeys (D:11)
  6 hounds
  3 jellies
  A gnoll bouda (D:9)
  2 orc priests
  7 orc wizards
  A mummy (D:9)
  12 gnolls
  10 adders
  2 shadow imps
  2 white imps
  3 worms (D:2)
  2 dart slugs (D:1)
  20 orcs
  4 bats
  4 endoplasms
  4 giant cockroaches
  2 goblins
  3 hobgoblins
  8 jackals
  51 kobolds
  4 ball pythons
  3 frilled lizards
  3 rats
305 creatures vanquished.

Vanquished Creatures (collateral kills)
  An elephant (Lair:3)
  A cane toad (Lair:2)
  2 komodo dragons
  A tyrant leech (Lair:2)
  2 blink frogs
  A wyvern (Lair:5)
  3 yaks
  3 basilisks
  2 water moccasins
  An orc warrior (D:9)
  2 wolves (Lair:3)
  A kobold brigand (D:11)
  A bullfrog (Lair:4)
  2 killer bees (D:10)
  An orc wizard (D:10)
  An orc (D:10)
  A goblin (D:1)
  2 jackals
  5 kobolds
33 creatures vanquished.

Vanquished Creatures (others)
  A deep elf pyromancer (D:12)
  A black mamba (Lair:2)
  A cane toad zombie (Lair:5)
  An elf zombie (D:12)
  A human (D:10)
  A blink frog zombie (Lair:4)
  An elephant zombie (Lair:3)
  A water moccasin zombie (Lair:2)
  5 yak zombies
  A bullfrog zombie (D:8)
  A basilisk zombie (Lair:5)
  A killer bee zombie (D:10)
  A sky beast zombie (Lair:2)
  A hound zombie (D:7)
  A kobold (D:5)
  A quokka (D:12)
  8 kobold zombies
  5 orc zombies
  A quokka zombie (D:12)
  18 fungi
  92 plants
144 creatures vanquished.

Grand Total: 482 creatures vanquished

Notes
Turn   | Place    | Note
-------+----------+-------------------------------------------
     0 | D:1      | AndrolTheGreedy the Hill Orc Necromancer began the quest
                  | for the Orb.
     0 | D:1      | Reached XP level 1. HP: 14/14 MP: 3/3
   167 | D:1      | Reached XP level 2. HP: 20/20 MP: 1/4
   900 | D:1      | Reached skill level 1 in Staves
   900 | D:1      | Reached XP level 3. HP: 16/26 MP: 0/5
  1520 | D:2      | Reached XP level 4. HP: 28/33 MP: 3/7
  2020 | D:2      | Reached skill level 1 in Maces & Flails
  2512 | D:3      | Learned a level 3 spell: Vampiric Draining
  3440 | D:3      | Found an opulent altar of Gozag.
  3571 | D:4      | Found a staircase to the Ecumenical Temple.
  3585 | D:4      | Reached XP level 5. HP: 32/39 MP: 8/8
  3652 | Temple   | Entered the Ecumenical Temple
  3739 | D:4      | Reached skill level 1 in Fighting
  3739 | D:4      | Reached skill level 1 in Armour
  3750 | D:4      | Found a sacrificial altar of Ru.
  4324 | D:4      | Found a burning altar of Makhleb.
  4324 | D:4      | Noticed a blizzard demon
  4481 | D:5      | Entered Level 5 of the Dungeon
  4625 | D:5      | Reached XP level 6. HP: 47/48 MP: 5/9
  4707 | D:5      | Noticed Edmund
  4783 | D:5      | Reached skill level 5 in Necromancy
  5075 | D:5      | Noticed Grinder
  5079 | D:5      | Paralysed by Grinder for 3 turns
  5445 | D:5      | Killed Grinder
  5446 | D:5      | Reached skill level 6 in Necromancy
  5446 | D:5      | Reached XP level 7. HP: 14/55 MP: 10/10
  5607 | D:5      | Identified the +1 scale mail "Lejyatz" {Rampage rPois
                  | Dex-4}
  5743 | D:5      | Killed Edmund
  5744 | D:5      | Reached skill level 5 in Maces & Flails
  6076 | D:4      | Learned a level 4 spell: Animate Dead
  6183 | D:5      | Reached XP level 8. HP: 57/61 MP: 3/11
  6511 | D:5      | Reached skill level 7 in Necromancy
  6622 | D:5      | Noticed Blork the orc
  6643 | D:5      | Killed Blork the orc
  6753 | D:5      | Found a runed translucent door.
  6774 | D:5      | Reached skill level 8 in Necromancy
  6849 | D:5      | Noticed Shinnjin's ghost (amateur TrFi)
  6849 | D:5      | Noticed a yak
  7429 | D:6      | Reached skill level 9 in Necromancy
  7429 | D:6      | Reached XP level 9. HP: 50/67 MP: 6/13
  7738 | D:6      | Found Hemux's Distillery.
  7747 | D:6      | Bought a potion of might for 52 gold pieces
  7747 | D:6      | Bought a potion of brilliance for 52 gold pieces
  7747 | D:6      | Bought a potion of curing for 39 gold pieces
  7747 | D:6      | Bought a potion of curing for 39 gold pieces
  7747 | D:6      | Bought a potion of might for 52 gold pieces
  7853 | D:6      | Reached skill level 10 in Necromancy
  7941 | D:6      | Found a broken altar of Ashenzari.
  7952 | D:6      | Found a basalt altar of Yredelemnul.
  8503 | D:7      | Reached skill level 11 in Necromancy
  9021 | D:7      | Learned a level 5 spell: Agony
  9255 | D:8      | Found a staircase to the Lair.
  9276 | D:8      | Found a blossoming altar of Fedhas.
  9300 | D:8      | Noticed an oklob plant
  9352 | D:8      | Reached skill level 12 in Necromancy
  9478 | D:8      | Found a bloodstained altar of Trog.
  9490 | D:8      | Noticed a hornet
  9704 | D:8      | Reached XP level 10. HP: 72/73 MP: 10/14
  9812 | D:8      | Noticed a manticore
  9823 | D:8      | Killed a manticore
 10021 | D:8      | Paralysed by a hornet for 1 turns
 10141 | D:8      | Reached skill level 13 in Necromancy
 11563 | D:9      | Found a snail-covered altar of Cheibriados.
 11852 | D:10     | Entered Level 10 of the Dungeon
 11955 | D:10     | Reached skill level 5 in Fighting
 11960 | D:10     | Reached XP level 11. HP: 56/86 MP: 0/15
 12069 | D:10     | Noticed a tengu warrior
 12080 | D:10     | Killed a tengu warrior
 12184 | D:10     | Found a glowing silver altar of Zin.
 12199 | D:10     | Identified the +3 rapier "Kinoega" {protect, Str+3}
 12209 | D:10     | Noticed a soul eater
 12220 | D:10     | Found an ancient bone altar of Kikubaaqudgha.
 12226 | D:10     | Became a worshipper of Kikubaaqudgha
 12724 | D:10     | Reached skill level 5 in Armour
 13133 | D:11     | Reached * piety under Kikubaaqudgha
 13133 | D:11     | Received a gift from Kikubaaqudgha
 13141 | D:11     | Learned a level 2 spell: Cigotuvi's Dreadful Rot
 13143 | D:11     | Learned a level 1 spell: Kiss of Death
 13401 | D:11     | Noticed a cyclops
 13408 | D:11     | Killed a cyclops
 13543 | D:11     | Noticed a soul eater
 14223 | D:5      | Killed Shinnjin's ghost
 14224 | D:5      | Reached skill level 1 in Evocations
 14767 | D:12     | Noticed a two-headed ogre
 14770 | D:12     | Noticed Azrael
 15183 | Lair:1   | Entered Level 1 of the Lair of Beasts
 15343 | Lair:1   | Found a frozen archway.
 15354 | IceCv    | Entered an ice cave
 16020 | Lair:1   | Reached XP level 12. HP: 79/96 MP: 1/19
 16434 | Lair:2   | Reached skill level 5 in Spellcasting
 16717 | Lair:2   | Reached skill level 14 in Necromancy
 17240 | Lair:2   | Identified the +2 robe of the Moneychanger {rC+ Will++
                  | Regen+ Int-3}
 17371 | Lair:2   | Found a staircase to the Swamp.
 17923 | Lair:3   | Found a hole to the Spider Nest.
 18516 | Lair:3   | Found an iron altar of Okawaru.
 18902 | Lair:3   | Identified the +3 leather armour "Omnouvva" {Int+2}
 19552 | Lair:4   | Identified the +6 trident of Sharkskin {antimagic, rF+ rC-
                  | Str+3 Stlth+}
 19619 | Lair:4   | Reached skill level 15 in Necromancy
 20049 | Lair:4   | Reached XP level 13. HP: 102/102 MP: 15/22
 20275 | Lair:5   | Entered Level 5 of the Lair of Beasts
 20287 | Lair:5   | Reached ** piety under Kikubaaqudgha
 20381 | Lair:5   | Reached skill level 10 in Maces & Flails
 20754 | Lair:5   | Paralysed by a hornet for 2 turns
 20767 | Lair:5   | HP: 5/102 [poisoned by a hornet]
 20771 | Lair:5   | Slain by a hornet

Illustrated notes

Levels and vault maps discovered:
D:1:      matt_arrival_grand_opening, layout_basic
D:2:      layout_basic, nicolae_eternal_life
D:3:      layout_basic, nicolae_gozag_cash_rules_everything_around_me
D:4:      layout_basic, makhleb_altar_promises_db, old_standard_altar,
          minmay_temple_entry_drinking_statues
D:5:      kennysheep_kobold_camp, layout_basic, ebering_ghost_inner_flame,
          minmay_misc_feat_pillars, uniq_grinder, uniq_edmund,
          uniq_blork_the_orc
D:6:      layout_rooms, amethyst_overflow_temple_binary, serial_shops, shop,
          kennysheep_generic_room_11
D:7:      layout_basic, ebering_dispersal_statue_hall,
          chequers_serial_rivers_room_b, kb_lookout_dungeons_type,
          serial_park_tiny_1
D:8:      layout_basic, mainiacjoe_overflow_concentric_impassable, tgw_fedhas,
          lair_entry_dummy
D:9:      layout_stronghold, chei_slow_surprise
D:10:     layout_rooms, mainiacjoe_overflow_boulevard, tgw_kikubaaqudgha
D:11:     layout_basic, minmay_unpleasant_kobolds
D:12:     layout_cave_pools, orc_david_3, kennysheep_diamond, uniq_josephine,
          uniq_azrael
Temple:   hellmonk_temple_two_chambers
Lair:1:   layout_hall_layers, portal_ice_cave_entry_pillars_1,
          beast_lair_carwin_9
Lair:2:   layout_cave_pods, minmay_swamp_entry_worms, lemuel_old_faithful
Lair:3:   layout_regular_city, spider_nest_entry_web_field, basic_altar,
          minmay_stone_trees_medium, infiniplex_staircase_pool_2
Lair:4:   layout_misc_corridors, minivault_19, grunt_megastairs_3
Lair:5:   hangedman_lair_tendril_chambers, layout_regular_city, wormcave,
          slime_entry_1

Skill      XL: |  1  2  3  4  5  6  7  8  9 10 11 12 13 |
---------------+----------------------------------------+-----
Stealth        | 2 3 4 |  4.0
Staves         | 1 2 |  2.1
Spellcasting   | 2 3 4 6 |  6.4
Maces & Flails | 2 4 5 7 9 10 | 10.5
Fighting       | 2 5 6 |  6.0
Armour         | 2 3 6 |  6.0
Necromancy     | 6 9 12 13 15 | 15.4
Evocations     | 3 4 |  4.0
Dodging        | |  1.5

Action                     |  1- 3 |  4- 6 |  7- 9 | 10-12 | 13-15 || total
---------------------------+-------+-------+-------+-------+-------++-------
  Melee: Club              |     2 |       |       |       |       ||     2
         Unarmed           |     1 |       |       |       |       ||     1
         Staff             |    28 |     8 |       |       |       ||    36
         Mace              |       |    22 |       |     9 |       ||    31
         Whip              |       |    93 |    15 |       |       ||   108
         Punch             |       |     1 |       |     1 |       ||     2
         Dire flail        |       |       |   185 |   544 |    15 ||   744
  Throw: Stone             |       |       |       |       |     2 ||     2
   Cast: Necrotise         |    62 |    59 |    44 |    78 |     7 ||   250
         Vampiric Draining |       |    11 |    39 |   136 |    17 ||   203
         Animate Dead      |       |       |     3 |    24 |     2 ||    29
         Agony             |       |       |       |     4 |     1 ||     5
         Kiss of Death     |       |       |       |     5 |     1 ||     6
 Invoke: Unearth Wretches  |       |       |       |     2 |       ||     2
  Evoke: Wand              |       |       |       |     4 |       ||     4
    Use: Potion            |     2 |     3 |     2 |    11 |     3 ||    21
         Scroll            |       |    13 |     5 |    16 |     1 ||    35
   Stab: Sleeping          |       |     3 |       |     5 |     1 ||     9
         Distracted        |       |       |       |     4 |       ||     4
         Confused          |       |       |       |     1 |       ||     1
 Armour: Robe              |    10 |     1 |       |       |       ||    11
         Ring mail         |       |    43 |    19 |       |       ||    62
         Leather armour    |       |     4 |       |       |       ||     4
         Scale mail        |       |       |    73 |     4 |       ||    77
         Acid dragon scale |       |       |       |   161 |       ||   161
         Troll leather arm |       |       |       |    56 |    18 ||    74
  Dodge: Dodged            |    28 |    77 |   161 |   593 |    58 ||   917

Table legend: (Time is in decaauts)
 A = Elapsed time spent in this place.
 B = Non-inter-level travel time spent in this place.
 C = Inter-level travel time spent in this place.
 D = Time resting spent in this place.
 E = Time spent auto-exploring this place.
 F = Levels seen in this place.
 G = Mean time per level.
                   A        B        C        D        E       F      G
               +--------+--------+--------+--------+--------+-----+--------+
         Total |  20704 |  19781 |    923 |   4962 |  10192 |  19 | 1089.7 |
       Dungeon |  15097 |  14260 |    837 |   3472 |   7397 |  12 | 1258.1 |
        Temple |     72 |     68 |      4 |      0 |     52 |   1 |   72.0 |
          Lair |   5531 |   5449 |     82 |   1490 |   2743 |   5 | 1106.2 |
      Ice Cave |      2 |      2 |      0 |      0 |      0 |   1 |    2.0 |
               +--------+--------+--------+--------+--------+-----+--------+

Top non-repeatable levels by time:
     D:5: 2421 daAuts
     D:9: 1818 daAuts
  Lair:2: 1542 daAuts
  Lair:3: 1413 daAuts
     D:2: 1408 daAuts
    D:11: 1372 daAuts
     D:4: 1282 daAuts
     D:7: 1269 daAuts
     D:8: 1217 daAuts
  Lair:1: 1205 daAuts
     D:1: 1146 daAuts
    D:10: 1104 daAuts
     D:3: 1097 daAuts
     D:6: 937 daAuts
  Lair:4: 898 daAuts
